General information
- name: BNet
- type: Ladder 1vs1/FFA
- host: Battle.net
- saver: Iscariot
map: LostTemple
- players: 2
- length: 29:44
- speed: Fast
- version: 1.26 W3XP
- replay type: Public
» download(98 KB)
Players
team 1 (winner)
Iscariot (
purple | 86 APM | 2554 actions | 29:44)
7 Blood Mage
3 Flame Strike
3 Siphon Mana
1 Summon Phoenix
» actions
| Assign group hotkey | 341 | |
| Basic commands | 23 | |
| Build / train | 130 | |
| Enter build submenu | 46 | |
| Enter hero's abilities submenu | 7 | |
| Give item / drop item | 4 | |
| Remove unit from queue | 2 | |
| Right click | 1148 | |
| Select / deselect | 481 | |
| Select group hotkey | 188 | |
| Use ability | 183 | |
2554 total
» units
| Peasant | 37 | |
| Footman | 4 | |
| Sorceress | 4 | |
| Goblin Shredder | 1 | |
| Goblin Zeppelin | 1 | |
| Dragonhawk Rider | 6 | |
53 total
» upgrades
| Masonry | 3 | |
| Lumber Harvesting | 1 | |
| Sorceress Training | 1 | |
| Magic Sentry | 1 | |
| Cloud | 1 | |
| Swords | 1 | |
| Armor | 1 | |
| Animal War Training | 1 | |
10 total
» buildings
| Altar of Kings | 1 | |
| Barracks | 1 | |
| Scout Tower | 30 | |
| Farm | 6 | |
| Arcane Tower | 4 | |
| Lumber Mill | 1 | |
| Arcane Vault | 1 | |
| Guard Tower | 12 | |
| Keep | 1 | |
| Arcane Sanctum | 1 | |
| Town Hall | 1 | |
| Castle | 1 | |
| Gryphon Aviary | 2 | |
| Blacksmith | 1 | |
63 total
» build order
00:26 Altar of Kings
00:38 Barracks
00:44 Scout Tower
00:52 Farm
01:04 Farm
01:43 Farm
02:07 Arcane Tower
03:04 Farm
03:06 Farm
03:29 Lumber Mill
03:57 Arcane Vault
04:02 Scout Tower
04:16 Scout Tower
04:36 Guard Tower
04:45 Guard Tower
05:14 Keep
05:44 Scout Tower
06:57 Scout Tower
06:58 Scout Tower
06:58 Scout Tower
07:20 Scout Tower
07:20 Scout Tower
07:21 Scout Tower
07:27 Guard Tower
07:28 Arcane Tower
07:29 Guard Tower
07:44 Scout Tower
07:45 Scout Tower
07:45 Scout Tower
07:45 Scout Tower
08:15 Arcane Sanctum
08:37 Guard Tower
08:39 Scout Tower
08:39 Scout Tower
09:02 Guard Tower
11:02 Scout Tower
11:02 Scout Tower
11:13 Scout Tower
11:46 Guard Tower
11:47 Guard Tower
11:48 Guard Tower
11:51 Guard Tower
12:04 Guard Tower
12:12 Arcane Tower
12:20 Farm
15:00 Town Hall
16:27 Scout Tower
16:27 Scout Tower
16:27 Scout Tower
16:31 Scout Tower
16:31 Scout Tower
16:31 Scout Tower
17:05 Guard Tower
20:33 Scout Tower
20:33 Scout Tower
20:34 Scout Tower
20:34 Scout Tower
21:39 Castle
22:41 Arcane Tower
23:35 Gryphon Aviary
23:36 Gryphon Aviary
23:40 Blacksmith
» items
| Potion of Invisibility | 1 | |
| Boots of Speed | 1 | |
| Staff of Teleportation | 1 | |
| Lesser Clarity Potion | 6 | |
| Scroll of Regeneration | 8 | |
| Ivory Tower | 4 | |
| Potion of Healing | 10 | |
| Potion of Mana | 6 | |
| Scroll of Town Portal | 2 | |
39 total
team 2 (loser)
JuGGeR (
red | 52 APM | 1553 actions | 29:43)
5 Far Seer
3 Feral Spirit
2 Chain Lighting
4 Shadow Hunter
2 Serpent Ward
2 Healing Wave
1 Tauren Chieftain
1 War Stomp
» actions
| Assign group hotkey | 17 | |
| Basic commands | 105 | |
| Build / train | 100 | |
| Enter build submenu | 26 | |
| Enter hero's abilities submenu | 10 | |
| Give item / drop item | 2 | |
| Right click | 348 | |
| Select / deselect | 728 | |
| Select group hotkey | 47 | |
| Use ability | 170 | |
1553 total
» units
| Peon | 26 | |
| Grunt | 13 | |
| Raider | 10 | |
| Spirit Walker | 3 | |
| Troll Witch Doctor | 8 | |
| Tauren | 2 | |
| Troll Headhunter/Berserker | 1 | |
| Wind Rider | 1 | |
64 total
» upgrades
| Ensnare | 1 | |
| Berserker Strength | 1 | |
| Armor | 2 | |
| Witch Doctor Training | 2 | |
| Reinforced Defenses | 1 | |
| Envenomed Spears | 1 | |
8 total
» buildings
| Altar of Storms | 1 | |
| Orc Burrow | 7 | |
| Barracks | 1 | |
| Stronghold | 1 | |
| Voodoo Lounge | 1 | |
| War Mill | 1 | |
| Great Hall | 2 | |
| Watch Tower | 4 | |
| Beastiary | 1 | |
| Spirit Lodge | 1 | |
| Fortress | 1 | |
| Tauren Totem | 1 | |
22 total
» build order
00:09 Altar of Storms
00:18 Orc Burrow
00:45 Barracks
01:39 Orc Burrow
02:50 Stronghold
03:17 Voodoo Lounge
03:38 War Mill
04:08 Orc Burrow
05:16 Great Hall
05:21 Watch Tower
05:37 Great Hall
05:40 Watch Tower
05:48 Orc Burrow
07:04 Beastiary
07:52 Spirit Lodge
10:21 Fortress
12:10 Orc Burrow
13:39 Orc Burrow
13:41 Orc Burrow
16:16 Tauren Totem
17:01 Watch Tower
17:06 Watch Tower
» items
| Healing Salve | 3 | |
| Lesser Clarity Potion | 5 | |
| Scroll of Speed | 1 | |
| Orb of Lightning | 1 | |
| Scroll of Town Portal | 2 | |
| Scroll of Protection | 1 | |
13 total
Chat log
(19:29 / All) Iscariot: you almost got really lucky
(19:35 / All) Iscariot: bm stopped attacking your farseer for some reason
(28:38 / All) Iscariot: game set match
(29:00 / All) JuGGeR: thats a crummy way to win
(29:05 / All) Iscariot: lol
(29:11 / All) Iscariot: it's an excellent way to win